 Dungeon Crawl Stone Soup version 0.25.1-8-g42b30a86e7 (webtiles) character file.

Game seed: 17875065381290729192

12458 SpoonFarmer the Fencer (level 11, -6/110 HPs)
             Began as a Minotaur Fighter on Dec 1, 2020.
             Was a High Priest of Okawaru.
             Mangled by a sun demon (14 damage)
             ... summoned by a kobold demonologist
             ... on level 11 of the Dungeon.
             The game lasted 00:14:18 (10202 turns).

SpoonFarmer the Fencer (Minotaur Fighter)          Turns: 10202, Time: 00:14:19

Health: -6/110     AC: 14    Str: 28    XL:     11   Next: 62%
Magic:  10/10      EV: 11    Int:  5    God:    Okawaru [*****.]
Gold:   46         SH:  5    Dex: 15    Spells: 10/10 levels left

rFire    . . .     SeeInvis .   D - +3 great sword (vorpal)
rCold    . . .     Gourm    .   (shield currently unavailable)
rNeg     . . .     Faith    .   x - +0 chain mail (curse)
rPois    +         Spirit   .   (helmet restricted)
rElec    .         Reflect  +   (no cloak)
rCorr    .         Harm     .   A - +2 pair of gloves {Dex+3}
MR       .....                  J - +0 pair of boots
Stlth    ..........             n - amulet of reflection
HPRegen  0.28/turn              l - ring of poison resistance
MPRegen  0.12/turn              F - +6 ring of strength

@: about to teleport, studying Long Blades
A: retaliatory headbutt, horns 2
a: Heroism, Finesse, Renounce Religion


You were on level 11 of the Dungeon.
You worshipped Okawaru.
Okawaru was extremely pleased with you.
You were near starving.

You visited 2 branches of the dungeon, and saw 12 of its levels.

You collected 566 gold pieces.
You spent 520 gold pieces at shops.

Inventory:

Hand Weapons
 a - a +0 long sword
 D - a +3 vorpal great sword (weapon)
Armour
 b - a +1 scale mail
 c - a +0 kite shield
 v - a +1 pair of boots
 x - a cursed +0 chain mail (worn)
 A - a +2 pair of gloves of dexterity (worn)
 J - a +0 pair of boots (worn)
Jewellery
 l - a ring of poison resistance (left hand)
 n - an amulet of reflection (around neck)
 z - an uncursed ring of magical power
 F - a +6 ring of strength (right hand)
Wands
 p - a wand of disintegration (6)
 t - a wand of random effects (35)
 B - a wand of digging (11)
 K - a wand of clouds (5)
 N - a wand of flame (23)
 Q - a wand of acid (12)
Scrolls
 d - 2 scrolls of immolation
 g - a scroll of teleportation
 i - 3 scrolls of fear
 j - 3 scrolls of fog
 s - a scroll of enchant weapon
 u - 4 scrolls of amnesia
 y - 3 scrolls of remove curse
 O - a scroll of enchant armour
Potions
 e - 2 potions of flight
 h - 3 potions of curing
 k - a potion of berserk rage {unknown}
 m - 3 potions of magic
 o - 3 potions of haste
 q - a potion of lignification {unknown}
 r - a potion of invisibility
 E - a potion of degeneration {unknown}
 H - 2 potions of cancellation {unknown}
 I - a potion of brilliance {unknown}
 L - a potion of mutation {unknown}
Books
 C - a manual of Long Blades
Comestibles
 f - 18 rations


   Skills:
 + Level 14.0 Fighting
 + Level 15.0 Long Blades
 - Level 5.0 Armour
 * Level 5.1 Dodging
 - Level 5.0 Shields


You had 10 spell levels left.
You didn't know any spells.
Your spell library contained the following spells:

 Spells                   Type           Power        Failure   Level  Hunger
 Summon Small Mammal      Summ           #...         96%         1    ##.....
 Call Imp                 Summ           #.......     99%         2    ###....
 Call Canine Familiar     Summ           #.......     100%        3    ####...
 Summon Guardian Golem    Hex/Summ       #.......     100%        3    ####...
 Summon Ice Beast         Ice/Summ       #.......     100%        4    #####..
 Summon Lightning Spire   Summ/Air       #.......     100%        4    #####..


Dungeon Overview and Level Annotations

Branches:
Dungeon (11/15)            Temple (1/1) D:7            Lair (0/6) D:8
    Orc (0/2) D:9

Altars:
Cheibriados
Dithmenos
Elyvilon
Fedhas
Gozag
Hepliaklqana
Kikubaaqudgha
Makhleb
Nemelex Xobeh
Okawaru
Qazlal
Ru
Sif Muna
Trog
Uskayaw
Vehumet
Wu Jian
Xom
Zin
The Shining One

Shops:
D:4 !   D:6 :   D:11 (


Innate Abilities, Weirdness & Mutations

You reflexively headbutt those who attack you in melee.
You have a pair of horns on your head.


Message History

You headbutt the kobold demonologist, but do no damage.
The kobold demonologist is severely wounded.
The kobold demonologist gestures wildly while chanting.
The sun demon hits you!!
* * * LOW HITPOINT WARNING * * *
You are engulfed in flames!
* * * LOW HITPOINT WARNING * * *
The kobold hits you but does no damage.
You see here 2 stones.
You feel much better. You block the sun demon's attack.
As you read the scroll of teleportation, it crumbles to dust.
You feel strangely unstable. The sun demon hits you.
* * * LOW HITPOINT WARNING * * *
You are engulfed in flames!
* * * LOW HITPOINT WARNING * * *
The kobold demonologist looks encouraged for a moment.
The sun demon hits you!!
* * * LOW HITPOINT WARNING * * *
You are engulfed in flames!
You die...

******,,,,,,*
*,≈*****≈,,*,* *,.>.,,*
*,≈≈≈≈≈≈≈,,*,* *,...,,*
*,,,,,,,,,,,,* **#.#***
***,***,***+** #.#
*,,,,,,,,,* #.# *****,*****
#.# *#+#####
###.###########5...>.#
######..........@3(3K5....#
.......#.###########4.....#
########..# *.K....# ##.#
*......# *.# *......# *.#
*......# *.# *..:...# *.#
*###+### # ***+** *,,*


You could see a soul eater (summoned), a sun demon (summoned), a hellwing
(summoned), a kobold demonologist, an iron imp (summoned) and a crimson imp
(summoned).

Vanquished Creatures
  2 two-headed ogres (D:10)
  A queen ant (D:8)
  Urug (D:10)
  Maurice (D:10)
  Joseph (D:8)
  Psyche (D:10)
  A gargoyle (D:10)
  A kobold demonologist (D:11)
  2 trolls
  2 hippogriffs (D:11)
  A spriggan (D:10)
  A vampire (D:9)
  A hungry ghost (D:11)
  20 soldier ants (D:8)
  2 porcupines (D:8)
  2 sky beasts
  A black bear (D:8)
  6 orc warriors
  3 phantoms
  6 ogres
  3 centaurs
  A big kobold (D:11)
  4 bullfrogs
  A gnoll sergeant (D:5)
  A wyvern skeleton (D:7)
  4 wights (D:8)
  14 killer bees
  2 howler monkeys (D:9)
  3 crimson imps
  2 centaur zombies
  2 orc priests
  4 hounds
  3 jellies
  A bullfrog skeleton (D:7)
  7 orc wizards
  4 iguanas
  23 worker ants
  2 hound zombies (D:5)
  A hound skeleton (D:4)
  A howler monkey zombie (D:10)
  A howler monkey skeleton (D:6)
  5 gnolls (D:5)
  13 adders
  3 oozes
  An adder skeleton (D:5)
  A worm (D:2)
  6 leopard geckos
  54 orcs
  10 giant cockroaches
  6 goblins
  10 hobgoblins
  4 jackals (D:5)
  15 kobolds
  4 quokkas
  A ball python (D:2)
  9 bats
  12 frilled lizards
  2 jackal skeletons
  A leopard gecko skeleton (D:9)
  A quokka skeleton (D:7)
  A quokka zombie (D:6)
  10 rats
309 creatures vanquished.

Vanquished Creatures (others)
  A fungus (D:8)
1 creature vanquished.

Grand Total: 310 creatures vanquished

Notes
Turn   | Place    | Note
-------+----------+-------------------------------------------
     0 | D:1      | SpoonFarmer the Minotaur Fighter began the quest for the
                  | Orb.
     0 | D:1      | Reached XP level 1. HP: 19/19 MP: 0/0
   179 | D:1      | Reached XP level 2. HP: 24/26 MP: 1/1
   203 | D:1      | Reached skill level 1 in Dodging
   558 | D:1      | Reached XP level 3. HP: 31/31 MP: 2/2
  1025 | D:2      | Reached XP level 4. HP: 38/39 MP: 3/3
  1799 | D:2      | Reached skill level 5 in Armour
  1799 | D:2      | Reached XP level 5. HP: 40/45 MP: 4/4
  1989 | D:3      | Reached skill level 5 in Shields
  2713 | D:4      | Reached XP level 6. HP: 48/51 MP: 5/5
  2721 | D:4      | Reached skill level 5 in Dodging
  2789 | D:4      | Found Viunaimp's Distillery.
  2900 | D:4      | Bought a potion of heal wounds for 60 gold pieces
  2900 | D:4      | Bought a potion of heal wounds for 60 gold pieces
  2939 | D:4      | Reached skill level 3 in Long Blades
  3334 | D:4      | Reached skill level 4 in Long Blades
  3334 | D:4      | Reached XP level 7. HP: 60/60 MP: 6/6
  3483 | D:5      | Entered Level 5 of the Dungeon
  3493 | D:5      | Reached skill level 5 in Long Blades
  3532 | D:5      | Found a shadowy altar of Dithmenos.
  3551 | D:5      | Reached skill level 5 in Fighting
  3563 | D:5      | Reached skill level 6 in Long Blades
  3852 | D:5      | Found an ancient bone altar of Kikubaaqudgha.
  3960 | D:5      | Reached skill level 7 in Long Blades
  3989 | D:5      | Reached XP level 8. HP: 69/70 MP: 7/7
  4237 | D:6      | Found Madoics's Book Shoppe.
  4645 | D:6      | Reached skill level 8 in Long Blades
  4688 | D:6      | Found a white marble altar of Elyvilon.
  4786 | D:6      | Reached skill level 9 in Long Blades
  5460 | D:7      | Found a bloodstained altar of Trog.
  5781 | D:7      | Reached skill level 10 in Long Blades
  5781 | D:7      | Reached XP level 9. HP: 80/81 MP: 8/8
  5976 | D:7      | Found a staircase to the Ecumenical Temple.
  6036 | Temple   | Entered the Ecumenical Temple
  6097 | Temple   | Became a worshipper of Warmaster Okawaru
  6290 | D:8      | Noticed Joseph
  6305 | D:8      | Killed Joseph
  6427 | D:8      | Reached skill level 11 in Long Blades
  6433 | D:8      | Reached * piety under Okawaru
  6659 | D:8      | Found a staircase to the Lair.
  6801 | D:8      | Reached skill level 12 in Long Blades
  6820 | D:8      | Reached ** piety under Okawaru
  6836 | D:8      | Reached XP level 10. HP: 55/92 MP: 9/9
  6929 | D:8      | Reached skill level 10 in Fighting
  6973 | D:8      | Reached skill level 13 in Long Blades
  6994 | D:8      | Reached *** piety under Okawaru
  7233 | D:8      | Noticed a queen ant
  7261 | D:8      | Killed a queen ant
  7639 | D:8      | Reached skill level 14 in Long Blades
  7937 | D:9      | Reached **** piety under Okawaru
  8491 | D:9      | Found a staircase to the Orcish Mines.
  8718 | D:10     | Entered Level 10 of the Dungeon
  8756 | D:10     | Reached XP level 11. HP: 80/102 MP: 10/10
  9002 | D:10     | Identified the +5 dagger "Giantbane" {holy, *Drain rPois
                  | Str+9 Stlth+}
  9041 | D:10     | Reached skill level 15 in Long Blades
  9199 | D:10     | Noticed Urug
  9202 | D:10     | Identified a scroll of acquirement
  9214 | D:10     | Killed Urug
  9372 | D:10     | Acquired a manual of Long Blades
  9381 | D:10     | Reached ***** piety under Okawaru
  9487 | D:10     | Noticed a two-headed ogre
  9493 | D:10     | Killed a two-headed ogre
  9677 | D:10     | Noticed a two-headed ogre
  9683 | D:10     | Killed a two-headed ogre
  9820 | D:10     | Noticed Maurice
  9830 | D:10     | Killed Maurice
  9838 | D:10     | Noticed Psyche
  9845 | D:10     | Killed Psyche
 10112 | D:11     | Found Hinecifra's Weapon Shoppe.
 10128 | D:11     | Bought a +3 vorpal great sword for 400 gold pieces
 10143 | D:11     | Received a gift from Okawaru
 10192 | D:11     | Noticed a sun demon
 10196 | D:11     | Noticed a soul eater
 10202 | D:11     | Mangled by a sun demon

Illustrated notes

Levels and vault maps discovered:
D:1:      nzn_arrival_depleted_hourglass, layout_rooms
D:2:      minmay_thinvault, layout_loops_ring, minmay_3d_cube
D:3:      layout_rooms
D:4:      layout_rooms, serial_shops, shop
D:5:      layout_gridville, kiku_gazebo_garden_becter, first_ration,
          nicolae_dithmenos_the_darkroom
D:6:      layout_basic, serial_shops, shop, elyvilon_altar_3
D:7:      layout_loops_cross, minmay_temple_entry_waves, bloody_trog
D:8:      layout_basic, grunt_lair_entry_orc_guard_hut, minivault_29,
          uniq_joseph
D:9:      layout_roguey, orc_0_dummy
D:10:     layout_basic, st_stairs_2, the_bakery, minmay_strange_pillars,
          uniq_psyche, uniq_urug, uniq_maurice
D:11:     layout_roguey, serial_shops, shop, enter_bailey_3
Temple:   dpeg_three_leaves_temple

Skill      XL: |  1  2  3  4  5  6  7  8  9 10 11 |
---------------+----------------------------------+-----
Dodging        | 1 2 4 5 |  5.1
Armour         | 4 5 |  5.0
Shields        | 4 5 |  5.0
Long Blades    | 4 7 10 12 14 15 | 15.0
Fighting       | 4 6 7 9 11 14 | 14.0

Action                   |  1- 3 |  4- 6 |  7- 9 | 10-12 || total
-------------------------+-------+-------+-------+-------++-------
Melee: Long sword        |   104 |   227 |   365 |   151 ||   847
       Headbutt          |    20 |    45 |    81 |    95 ||   241
       Great sword       |       |       |       |   230 ||   230
  Use: Scroll            |     4 |     5 |     4 |     6 ||    19
       Potion            |       |       |     4 |     2 ||     6
 Stab: Invisible         |       |       |       |     3 ||     3
  Eat: Chunk             |       |     8 |    11 |    10 ||    29
       Ration            |       |       |       |     1 ||     1
Armor: Scale mail        |    47 |    60 |       |       ||   107
       Chain mail        |       |     4 |    96 |   103 ||   203
Dodge: Dodged            |    39 |    66 |    84 |   127 ||   316
Block: Kite shield       |    48 |   187 |   270 |    71 ||   576
       Reflection        |       |     2 |     5 |     3 ||    10
       Other             |       |       |       |    49 ||    49
       Rpst.: Long sword |    11 |    13 |    23 |     7 ||    54
       Great sword       |       |       |       |    20 ||    20
